 Dungeon Sprint DCSS version bcrawl-1.21.3 (webtiles) character file.

Game seed: 1264528100589466667

66221 DieBirke the Timeless (level 15, -2/101 HPs)
             Began as a Gargoyle Fighter on Apr 9, 2020.
             Was a High Priest of Cheibriados.
             Killed from afar by a red draconian (16 damage)
             ... with a blast of flame
             ... in the Dungeon (Sprint IX: "|||||||||||||||||||||||||||||").
             The game lasted 00:10:02 (4203 turns).

DieBirke the Timeless (Gargoyle Fighter)            Turns: 4203, Time: 00:10:03

Health: -2/101     AC: 44    Str: 35    XL:     15   Next: 19%
Magic:  6/41       EV: 15    Int: 22    God:    Cheibriados [*****.]
Gold:   599        SH: 17    Dex: 20    Spells: 14/14 levels left

rFire    . . .     SeeInvis .   o - +2 morningstar (protect)
rCold    + . .     Gourm    .   c - +0 medium shield
rNeg     + . .     Faith    .   K - +2 plate armour {rC+}
rPois    ∞         Spirit   .   z - +0 helmet
rElec    +         Reflect  .   x - +0 cloak
rCorr    .         Harm     .   J - +0 pair of gloves {archery}
MR       .....     NoTele   +   I - +1 pair of boots
Stlth    ..........             (no amulet)
HPRegen  0.26/turn              s - +2 ring of evasion
MPRegen  0.27/turn              q - ring of magical power

@: vulnerable, marked, protection aura, very slow
A: big wings, negative energy resistance 1, electricity resistance, unbreathing,
petrification resistance, rot immunity, AC +11
a: Fly, Bend Time, Temporal Distortion, Slouch, Step From Time, Renounce
Religion


You were in the Dungeon.
You worshipped Cheibriados.
Cheibriados was extremely pleased with you.
You were not hungry.

You visited 1 branch You collected 1934 gold pieces.
You spent 1335 gold pieces at shops.

Inventory:

Hand Weapons
 o - a +2 morningstar of protection (weapon)
Armour
 c - a +0 medium shield (worn)
 x - a +0 cloak (worn)
 z - a +0 helmet (worn)
 I - a +1 pair of boots (worn)
 J - a +0 pair of gloves of archery (worn)
 K - a +2 plate armour of cold resistance (worn)
Magical Staves
 d - an uncursed staff of death
Jewellery
 q - a ring of magical power (right hand)
 r - a +3 ring of intelligence
 s - a +2 ring of evasion (left hand)
 E - an uncursed ring of protection from fire
 F - an uncursed ring of protection from fire
 G - an uncursed ring of protection from fire
Wands
 A - a wand of paralysis (4)
Scrolls
 j - 2 scrolls of identify
 k - 3 scrolls of blinking
 l - 3 scrolls of remove curse
 m - 2 scrolls of amnesia
 t - a scroll of fear
 u - a scroll of fog
 v - 4 scrolls of enchant armour
 w - 4 scrolls of enchant weapon
Potions
 a - 2 potions of mutation
 b - a potion of agility
 f - 9 potions of curing
 g - 3 potions of heal wounds
 h - 2 potions of haste
 i - 4 potions of magic
 p - 3 potions of brilliance
Comestibles
 e - 9 rations {!d}


   Skills:
 + Level 14.6 Fighting
 + Level 18.6 Maces & Flails
 + Level 14.5 Armour
 + Level 6.0 Dodging
 + Level 18.1 Shields
 O Level 27 Invocations


You had 14 spell levels left.
You didn't know any spells.
Your spell library contained the following spells:

 Spells                   Type           Power        Failure   Level  Hunger
 Apportation              Tloc           #.....       58%         1    ##.....
 Infusion                 Chrm           #.......     58%         1    ##.....
 Magic Dart               Conj           #...         58%         1    ##.....
 Sandblast                Erth           #.....       58%         1    ##.....
 Slow                     Hex            #.......     58%         1    ##.....
 Summon Butterflies       Summ           #.......     58%         1    ##.....
 Blink                    Tloc           N/A          73%         2    ###....
 Call Imp                 Summ           #.....       73%         2    ###....
 Conjure Flame            Conj/Fire      #.......     91%         3    ####...
 Mephitic Cloud           Conj/Pois/Air  #.......     91%         3    ####...
 Spider Form              Tmut/Pois      #..          91%         3    ####...
 Stone Arrow              Conj/Erth      #.....       91%         3    ####...
 Petrify                  Tmut/Erth      #.......     100%        4    #####..
 Iron Shot                Conj/Erth      #.........   100%        6    #######
 Statue Form              Tmut/Erth      Unusable     N/A         6    N/A

Dungeon Overview and Level Annotations

Branches:
Dungeon (1/1)

Altars:
Cheibriados
Dithmenos
Elyvilon
Fedhas
Gozag
Hepliaklqana
Kikubaaqudgha
Lugonu
Makhleb
Nemelex Xobeh
Okawaru
Qazlal
Ru
Sif Muna
Trog
Uskayaw
Vehumet
Wu Jian
Xom
Yredelemnul
Zin
The Shining One
Beogh
Jiyva

Shops:
D :*=!

Annotations:
D Frederick


Innate Abilities, Weirdness & Mutations

You are resistant to torment.
Your stone body is resilient. (AC +11)
You are immune to poison.
Your large and strong wings let you fly indefinitely.
You resist negative energy. (rN+)
You are resistant to electric shocks. (rElec)
You can survive without breathing.
You are immune to petrification.
You are immune to rotting.


Message History

The vault sentinel blows a loud note on a signal horn!
You puncture the vault guard!
The vault guard is almost dead.
The great orb of eyes pulsates ominously.
You block the vault guard's attack.
You barely miss the vault guard.
The vault guard is almost dead.
The vault guard hits you but does no damage.
You hit the vault guard but do no damage.
The vault guard is almost dead.
The vault sentinel blows a loud note on a signal horn!
The ironbrand convoker gestures at Frederick while chanting.
Frederick seems to grow stronger.
You bludgeon the vault guard!!
You kill the vault guard!
Cheibriados thoroughly appreciates the change of pace.
You block the red draconian's attack. You block the naga's attack.
The red draconian throws flames at you. The blast of flame hits you!
You die...

.▓.▓∩▓.▓)▓.▓)▓.▓
.▓.▓.▓.▓[▓.▓)▓.▓.▓
†▓.▓∩▓.▓÷▓.▓.▓.▓p▓
.▓.▓)▓.▓÷▓.▓†▓.▓G▓
†▓.▓)▓.▓)▓.♣.♣.▓p▓
†▓.▓)▓.▓)▓÷♣.♣.▓@▓
†▓.▓)▓.▓'▓.♣.♣.▓N▓
'▓.▓)▓.▓.▓)♣.♣.▓d▓
.▓.▓)▓.▓.▓.♣.♣.▓@▓
.▓.▓.▓.▓.▓.♣.♣.▓)▓
.▓.▓)▓.▓.▓.♣.♣.▓.▓
.▓.▓.▓.▓.▓.♣.♣.▓[▓
.▓)▓.▓.▓.▓.♣)♣.▓+▓
.▓.▓.▓.▓.▓.♣'♣.▓.▓
.▓.▓.▓.▓.▓.▓.▓.▓)▓
†▓.▓.▓.▓.▓.▓.▓.▓.▓
÷▓.▓)▓.▓.▓.▓.▓.▓.▓


You could see Frederick, a red draconian, a great orb of eyes, a vault sentinel,
an ironbrand convoker and a naga.

Vanquished Creatures
  2 sphinxes (D)
  2 thorn hunters (D)
  3 vault wardens (D)
  3 stone giants (D)
  An ironheart preserver (D)
  A spriggan defender (D)
  2 very ugly things (D)
  Snorg (D)
  2 ettins (D)
  3 yaktaur captains (D)
  2 great orbs of eyes (D)
  Harold (D)
  A naga warrior (D)
  A vault guard (D)
  5 ice dragons (D)
  An alligator snapping turtle (D)
  A hydra (D)
  A centaur warrior (D)
  An alligator (D)
  A ghost crab (D)
  2 ogre magi (D)
  2 merfolk aquamancers (D)
  2 two-headed ogres (D)
  A deep troll earth mage (D)
  A spriggan berserker (D)
  4 orc high priests (D)
  A deep elf knight (D)
  Sonja (D)
  2 sea snakes (D)
  3 wizards (D)
  A phantasmal warrior (D)
  A harpy (D)
  An ironbrand convoker (D)
  11 orc knights (D)
  2 ugly things (D)
  2 deep elf magi (D)
  An orc sorcerer (D)
  5 wolf spiders (D)
  2 manticores (D)
  A moth of wrath (shapeshifter) (D)
  An elephant (D)
  2 naga magi (D)
  Maurice (D)
  5 black mambas (D)
  A guardian serpent (D)
  3 vault sentinels (D)
  3 cane toads (D)
  Joseph (D)
  2 komodo dragons (D)
  2 rime drakes (D)
  A demonic crawler (D)
  A merfolk (D)
  A hornet (D)
  A jumping spider (D)
  A raiju (shapeshifter) (D)
  A hippogriff (shapeshifter) (D)
  A blink frog (D)
  2 hippogriffs (D)
  A water elemental (D)
  A shadow (D)
  2 wyverns (D)
  A redback (D)
  2 yaks (D)
  2 tarantellas (D)
  A basilisk (D)
  A vampire mosquito (D)
  A naga (D)
  2 wargs (D)
  A crocodile (D)
  A water moccasin (D)
  3 hell hounds (D)
  A black bear (D)
  10 orc warriors (D)
  4 wolves (D)
  A centaur (D)
  A bullfrog (D)
  A killer bee (D)
  An orc priest (D)
  2 worker ants (D)
  5 orc wizards (D)
  2 adders (D)
  A dart slug (D)
  7 orcs (D)
  A giant cockroach (D)
  2 goblins (D)
  A quokka (D)
  A ball python zombie (D)
  A jackal skeleton (D)
  A jackal zombie (D)
  A leopard gecko zombie (D)
  A rat (D)
  A briar patch (D)
176 creatures vanquished.

Vanquished Creatures (others)
  A tengu warrior (D)
  An alligator (D)
  A spatial maelstrom (D)
  A spriggan druid (D)
  A tyrant leech (D)
  A briar patch (D)
6 creatures vanquished.

Grand Total: 182 creatures vanquished

Notes
Turn   | Place    | Note
-------+----------+-------------------------------------------
     0 | D        | DieBirke the Gargoyle Fighter began the quest for the Orb.
     0 | D        | Reached XP level 1. HP: 14/14 MP: 1/1
    15 | D        | Banished a spatial maelstrom
    28 | D        | Reached XP level 2. HP: 18/20 MP: 2/2
    64 | D        | Noticed a centaur
    67 | D        | Reached XP level 3. HP: 24/24 MP: 3/3
    72 | D        | Killed a centaur
    72 | D        | Reached skill level 5 in Fighting
    72 | D        | Reached skill level 5 in Maces & Flails
    72 | D        | Reached skill level 5 in Armour
    72 | D        | Reached skill level 5 in Shields
    72 | D        | Reached XP level 4. HP: 32/32 MP: 4/4
   223 | D        | Found a roughly hewn altar of Beogh.
   223 | D        | Found a snail-covered altar of Cheibriados.
   223 | D        | Found a shadowy altar of Dithmenos.
   223 | D        | Found a white marble altar of Elyvilon.
   223 | D        | Found a blossoming altar of Fedhas.
   223 | D        | Found an opulent altar of Gozag.
   224 | D        | Found a hazy altar of Hepliaklqana.
   225 | D        | Found a viscous altar of Jiyva.
   226 | D        | Found an ancient bone altar of Kikubaaqudgha.
   227 | D        | Became a worshipper of Cheibriados the Contemplative
   228 | D        | Found a corrupted altar of Lugonu.
   229 | D        | Found a burning altar of Makhleb.
   230 | D        | Found a sparkling altar of Nemelex Xobeh.
   231 | D        | Found an iron altar of Okawaru.
   232 | D        | Found a stormy altar of Qazlal.
   233 | D        | Found a sacrificial altar of Ru.
   234 | D        | Found a shimmering blue altar of Sif Muna.
   235 | D        | Found a bloodstained altar of Trog.
   236 | D        | Found a hide-covered altar of Uskayaw.
   237 | D        | Found a radiant altar of Vehumet.
   238 | D        | Found an ornate altar of the Wu Jian Council.
   239 | D        | Found a shimmering altar of Xom.
   240 | D        | Found a basalt altar of Yredelemnul.
   241 | D        | Found a glowing silver altar of Zin.
   242 | D        | Found a glowing golden altar of the Shining One.
   289 | D        | Noticed a hippogriff
   289 | D        | Noticed a black bear
   289 | D        | Noticed a two-headed ogre
   291 | D        | Reached XP level 5. HP: 36/36 MP: 5/5
   292 | D        | Reached * piety under Cheibriados
   302 | D        | Killed a two-headed ogre
   302 | D        | Reached skill level 1 in Dodging
   302 | D        | Reached skill level 6 in Invocations
   302 | D        | Reached XP level 6. HP: 19/44 MP: 5/10
   302 | D        | Reached XP level 7. HP: 21/48 MP: 5/11
   305 | D        | Reached ** piety under Cheibriados
   313 | D        | Reached XP level 8. HP: 15/54 MP: 6/13
   318 | D        | Killed a hippogriff
   318 | D        | Reached skill level 7 in Invocations
   531 | D        | Noticed a wyvern
   531 | D        | Noticed a deep elf mage
   531 | D        | Noticed a tengu warrior
   547 | D        | Killed a tengu warrior
   554 | D        | Killed a deep elf mage
   554 | D        | Reached *** piety under Cheibriados
   554 | D        | Reached skill level 10 in Maces & Flails
   554 | D        | Reached skill level 10 in Shields
   554 | D        | Reached skill level 8 in Invocations
   559 | D        | Killed a wyvern
   559 | D        | Reached **** piety under Cheibriados
   559 | D        | Reached XP level 9. HP: 39/60 MP: 13/15
   758 | D        | Noticed a komodo dragon
   758 | D        | Noticed a komodo dragon
   758 | D        | Noticed a rime drake
   759 | D        | Reached ***** piety under Cheibriados
   759 | D        | Reached skill level 9 in Invocations
   760 | D        | Killed a rime drake
   761 | D        | Noticed an elephant
   763 | D        | Killed a komodo dragon
   763 | D        | Killed a komodo dragon
   765 | D        | Reached skill level 10 in Invocations
   772 | D        | Killed an elephant
   772 | D        | Reached XP level 10. HP: 59/66 MP: 7/17
   939 | D        | Noticed a cane toad
   939 | D        | Noticed a black mamba
   940 | D        | Killed a black mamba
   940 | D        | Reached skill level 10 in Armour
   940 | D        | Reached ****** piety under Cheibriados
   941 | D        | Noticed a cane toad
   942 | D        | Reached skill level 5 in Dodging
   942 | D        | Reached skill level 11 in Invocations
   942 | D        | Killed a cane toad
   942 | D        | Reached skill level 10 in Fighting
   943 | D        | Noticed a five-headed hydra
   946 | D        | Killed a cane toad
   948 | D        | Killed a five-headed hydra
   948 | D        | Reached skill level 12 in Invocations
  1154 | D        | Reached XP level 11. HP: 73/73 MP: 15/20
  1213 | D        | Noticed Joseph
  1228 | D        | Killed Joseph
  1228 | D        | Reached skill level 13 in Invocations
  1242 | D        | Noticed Maurice
  1245 | D        | Paralysed by something for 4 turns
  1253 | D        | Killed Maurice
  1485 | D        | Noticed an orc knight
  1490 | D        | Reached skill level 14 in Invocations
  1492 | D        | Killed an orc knight
  1494 | D        | Noticed an orc knight
  1494 | D        | Noticed an orc sorcerer
  1503 | D        | Killed an orc sorcerer
  1506 | D        | Killed an orc knight
  1506 | D        | Reached skill level 15 in Invocations
  1603 | D        | Found Ugeaph's Distillery.
  1603 | D        | Noticed an orc high priest
  1603 | D        | Noticed an orc knight
  1603 | D        | Noticed an orc knight
  1603 | D        | Noticed an orc high priest
  1603 | D        | Noticed an orc high priest
  1604 | D        | Noticed an orc knight
  1606 | D        | Killed an orc high priest
  1607 | D        | Noticed an orc knight
  1608 | D        | Noticed a soul eater
  1608 | D        | Noticed an orc high priest
  1612 | D        | Killed an orc high priest
  1612 | D        | Reached skill level 16 in Invocations
  1613 | D        | Killed an orc knight
  1614 | D        | Found Peuvucia's Jewellery Shop.
  1614 | D        | Noticed an orc knight
  1617 | D        | Killed an orc knight
  1617 | D        | Killed an orc high priest
  1619 | D        | Killed an orc knight
  1619 | D        | Reached skill level 17 in Invocations
  1622 | D        | Killed an orc knight
  1622 | D        | Reached XP level 12. HP: 66/80 MP: 5/24
  1625 | D        | Killed an orc high priest
  1626 | D        | Found Hemiq's General Store.
  1644 | D        | Reached skill level 15 in Maces & Flails
  1644 | D        | Reached skill level 18 in Invocations
  1645 | D        | Found Qoin's Book Shop.
  1882 | D        | Bought a potion of curing for 33 gold pieces
  1884 | D        | Bought a book of Cantrips for 200 gold pieces
  1896 | D        | Bought a book of Minor Magic for 200 gold pieces
  1896 | D        | Bought the Disquisition on Earth for 510 gold pieces
  1900 | D        | Bought an uncursed ring of magical power for 260 gold
                  | pieces
  1902 | D        | Bought a potion of agility for 44 gold pieces
  1902 | D        | Bought a potion of magic for 88 gold pieces
  2005 | D        | Noticed Harold
  2018 | D        | Killed Harold
  2273 | D        | Got the cursed +1 chain mail of True Grit {+Blink Int+3}
  2337 | D        | Noticed an ogre mage
  2337 | D        | Noticed a two-headed ogre
  2346 | D        | Reached skill level 19 in Invocations
  2346 | D        | Noticed a deep troll earth mage
  2352 | D        | Killed a two-headed ogre
  2353 | D        | Noticed a sphinx
  2356 | D        | Noticed an ice dragon
  2357 | D        | Killed an ogre mage
  2358 | D        | Killed a deep troll earth mage
  2359 | D        | Noticed a yaktaur captain
  2359 | D        | Noticed an ice dragon
  2363 | D        | Killed a sphinx
  2363 | D        | Reached skill level 20 in Invocations
  2363 | D        | Killed an ice dragon
  2363 | D        | Killed a yaktaur captain
  2363 | D        | Reached XP level 13. HP: 30/86 MP: 8/27
  2366 | D        | Killed an ice dragon
  2406 | D        | Noticed a cyan very ugly thing
  2415 | D        | Killed a cyan very ugly thing
  2702 | D        | Noticed Sonja
  2702 | D        | Noticed Snorg
  2703 | D        | Killed Sonja
  2703 | D        | Reached skill level 21 in Invocations
  2714 | D        | Killed Snorg
  2955 | D        | Reached skill level 22 in Invocations
  2958 | D        | Reached skill level 15 in Shields
  3164 | D        | Noticed a thorn hunter
  3165 | D        | Reached skill level 23 in Invocations
  3170 | D        | Noticed a thorn hunter
  3177 | D        | Killed a thorn hunter
  3185 | D        | Killed a thorn hunter
  3457 | D        | Reached skill level 24 in Invocations
  3460 | D        | Gained mutation: Your large and strong wings let you fly
                  | indefinitely. [Gargoyle growth]
  3460 | D        | Reached XP level 14. HP: 91/92 MP: 30/30
  3738 | D        | Noticed a stone giant
  3742 | D        | Reached skill level 25 in Invocations
  3744 | D        | Noticed a sphinx
  3749 | D        | Killed a stone giant
  3751 | D        | Noticed a stone giant
  3755 | D        | Killed a sphinx
  3755 | D        | Noticed a stone giant
  3760 | D        | Reached skill level 26 in Invocations
  3764 | D        | Killed a stone giant
  3764 | D        | Noticed a spriggan defender
  3778 | D        | Killed a spriggan defender
  3780 | D        | Killed a stone giant
  3790 | D        | Reached skill level 27 in Invocations
  4121 | D        | Noticed a vault warden
  4127 | D        | Noticed a brown very ugly thing
  4141 | D        | Killed a vault warden
  4142 | D        | Noticed a vault warden
  4147 | D        | Killed a cyan very ugly thing
  4153 | D        | Noticed an ironheart preserver
  4162 | D        | Killed a vault warden
  4167 | D        | Reached XP level 15. HP: 10/100 MP: 27/32
  4171 | D        | Noticed a vault warden
  4188 | D        | Killed a vault warden
  4195 | D        | Noticed Frederick
  4203 | D        | Killed from afar by a red draconian

Skill      XL: |  1  2  3  4  5  6  7  8  9 10 11 12 13 14 15 |
---------------+----------------------------------------------+-----
Fighting       | 4 5 7 8 9 10 11 12 14 | 14.6
Maces & Flails | 4 5 9 11 12 13 14 16 17 18 | 18.6
Armour         | 4 5 8 9 10 11 12 14 | 14.5
Shields        | 4 5 6 9 10 11 12 13 14 15 17 18 | 18.1
Dodging        | 1 2 3 4 5 6 |  6.0
Invocations    | 6 8 10 12 17 20 24 27 | 27.0

Action                   |  1- 3 |  4- 6 |  7- 9 | 10-12 | 13-15 || total
-------------------------+-------+-------+-------+-------+-------++-------
Melee: Flail             |    31 |     4 |       |       |       ||    35
       Morningstar       |       |     9 |    52 |   130 |   142 ||   333
Invok: Slouch            |       |       |     3 |    26 |    45 ||    74
Evoke: Wand              |       |     2 |       |       |    18 ||    20
  Use: Potion            |     1 |     1 |     1 |       |     2 ||     5
       Scroll            |       |     1 |       |       |       ||     1
 Stab: Invisible         |       |       |     9 |       |       ||     9
       Sleeping          |       |       |       |     1 |       ||     1
  Eat: Chunk             |       |       |       |     4 |     5 ||     9
       Ration            |       |       |       |       |     2 ||     2
Armor: Scale mail        |    12 |     1 |       |       |       ||    13
       Ring mail         |       |     2 |    29 |     9 |       ||    40
       Plate armour      |       |       |       |    19 |    55 ||    74
Dodge: Dodged            |     8 |     4 |    38 |    34 |    42 ||   126
Block: Medium shield     |    12 |    10 |    37 |    73 |    88 ||   220
